 Dungeon Crawl Stone Soup version 0.20.1-1-g8b1a95d (webtiles) character file.

108 WiZmei the Cudgeler (level 4, -6/36 HPs)
             Began as a Demonspawn Berserker on Nov 29, 2017.
             Was a Believer of Trog.
             Mangled by homeworkjunkie's ghost (11 damage)
             ... while paralysed
             ... on level 3 of the Dungeon.
             The game lasted 00:07:38 (2394 turns).

WiZmei the Cudgeler (Demonspawn Berserker)          Turns: 2394, Time: 00:07:39

Health: -6/36      AC:  9    Str: 18    XL:     4   Next: 58%
Magic:  4/4        EV:  2    Int:  8    God:    Trog [**....]
Gold:   41         SH:  0    Dex: 13    Spells: 3/3 levels left

rFire    . . .     SeeInvis .   a - +0 mace
rCold    . . .     Gourm    .   (no shield)
rNeg     . . .     Faith    .   k - +0 ring mail
rPois    .         Spirit   .   (no helmet)
rElec    .         Reflect  .   (no cloak)
rCorr    .         Harm     .   (no gloves)
MR       .....                  (no boots)
Stlth    +.........             (no amulet)
Regen    0.2/turn               e - ring of flight
MPRegen  0.1/turn               (no ring)

@: paralysed, berserk cooldown, slowed, drained
A: iridescent scales 2
a: Berserk, Trog's Hand, Burn Spellbooks, Renounce Religion, Evoke Flight


You were on level 3 of the Dungeon.
You worshipped Trog.
Trog was pleased with you.
You were hungry.

You visited 1 branch of the dungeon, and saw 3 of its levels.

You collected 41 gold pieces.

Inventory:

Hand Weapons
 a - a +0 mace (weapon)
Armour
 k - a +0 ring mail (worn)
Jewellery
 e - a ring of flight (left hand)
Scrolls
 g - a scroll of identify
 i - 2 scrolls of enchant weapon {unknown}
Potions
 h - a potion of curing {unknown}
 j - 2 potions of degeneration {unknown}
Comestibles
 b - a fruit
 c - a bread ration
 d - a royal jelly
 f - 2 chunks of flesh


   Skills:
 + Level 3.6(3.4) Fighting
 + Level 4.0(3.8) Maces & Flails
 + Level 1.9(1.7) Armour
 + Level 2.4(2.2) Dodging
 + Level 0.2(0.0) Stealth


You had 3 spell levels left.
You didn't know any spells.

Dungeon Overview and Level Annotations

Branches:
Dungeon (3/15)

Altars:

Annotations:
D:3 homeworkjunkie's ghost, weakling HOFi


Innate Abilities, Weirdness & Mutations

You are mostly covered in iridescent scales. (AC +4)


Message History

A red film seems to cover your vision as you go berserk!
You feel yourself moving faster!
You feel mighty!
You are feeling hungry.
The wight hits you with a falchion.
You feel drained.
The wight hits you with an enchanted great sword.
You feel a strong urge to attack something.
The wight closely misses you. x2
The wight hits you with a falchion.
You feel your anger subside.
Homeworkjunkie's ghost hits you but does no damage.
You are no longer berserk.
You pass out from exhaustion.
You feel yourself slow down. Homeworkjunkie's ghost hits you.
* * * LOW HITPOINT WARNING * * *
The wight hits you with a falchion.
* * * LOW HITPOINT WARNING * * *
A rat comes into view.
Homeworkjunkie's ghost hits you!
You die...

... ...# ##..
.#..## .... .....
.....#.# ##...#
#....#.# .......
#......##
...##[.##...(...#.
.....>s@.........?
......zW#.#.#.....
....>.#zz.....?##
......#..l...r..#.
.#####)..%<.......
)...............##
####.......w....#
...............#
................#


You could see a worm, 3 wights, homeworkjunkie's ghost, a giant cockroach, a
frilled lizard and a rat.

Vanquished Creatures
  An orc wizard (D:1)
  An adder (D:2)
  A gnoll (D:1)
  2 dart slugs (D:1)
  A leopard gecko (D:2)
  A ball python (D:1)
  4 bats
  A giant cockroach (D:1)
  5 goblins
  5 hobgoblins
  12 jackals (D:1)
  3 frilled lizards (D:2)
  9 kobolds
  6 rats
52 creatures vanquished.

Notes
Turn   | Place    | Note
-------+----------+-------------------------------------------
     0 | D:1      | WiZmei the Demonspawn Berserker began the quest for the Orb.
     0 | D:1      | Reached XP level 1. HP: 18/18 MP: 1/1
   200 | D:1      | Reached skill level 3 in Maces & Flails
   200 | D:1      | Gained mutation: You are partially covered in iridescent scales. (AC +2) [demonic ancestry]
   200 | D:1      | Reached XP level 2. HP: 8/24 MP: 2/2
   606 | D:1      | Reached XP level 3. HP: 22/29 MP: 3/3
  1194 | D:1      | Reached ** piety under Trog
  1378 | D:1      | Gained mutation: You are mostly covered in iridescent scales. (AC +4) [demonic ancestry]
  1378 | D:1      | Reached XP level 4. HP: 24/36 MP: 4/4
  2075 | D:2      | Reached skill level 4 in Maces & Flails
  2382 | D:3      | Noticed homeworkjunkie's ghost (weakling HOFi)
  2394 | D:3      | Mangled by homeworkjunkie's ghost

Skill      XL: |  1  2  3  4 |
---------------+-------------+-----
Maces & Flails | 3 4 |  4.0
Dodging        | 2 |  2.4
Fighting       | |  3.6
Armour         | |  1.9
Stealth        | |  0.2

Action                   |  1- 3 |  4- 6 || total
-------------------------+-------+-------++-------
Melee: Mace              |   130 |    61 ||   191
Invok: Berserk           |       |     1 ||     1
  Use: Scroll            |     2 |       ||     2
  Eat: Chunk             |     2 |     3 ||     5
Armor: Animal skin       |    70 |    13 ||    83
       Ring mail         |       |    16 ||    16
Dodge: Dodged            |   142 |    44 ||   186
